 Dungeon Crawl Stone Soup version 0.30-a0-1075-gcd70e7a56d (webtiles) character file.

Game seed: 11775832039514735651

602 bmack86 the Chopper (level 7, 0/61 HPs)
             Began as a Minotaur Fighter on Apr 14, 2023.
             Slain by a lemure (5 damage)
             ... led by Pikel
             ... on level 4 of the Dungeon.
             The game lasted 00:12:17 (3471 turns).

bmack86 the Chopper (Minotaur Fighter)              Turns: 3471, Time: 00:12:19

Health: 0/61       AC: 12    Str: 28    XL:     7   Next: 18%
Magic:  6/6        EV:  8    Int:  5    God:
Gold:   183        SH:  5    Dex: 10    Spells: 6/6 levels left

rFire   . . .      SeeInvis .    a - +0 war axe
rCold   . . .      Faith    .    c - +0 buckler
rNeg    . . .      Spirit   .    f - +0 chain mail
rPois   .          Reflect  .    (helmet restricted)
rElec   .          Rampage  .    t - +0 cloak
rCorr   .                        i - +0 pair of gloves
Will    .....                    (no boots) Stlth
                                 (no amulet)
HPRegen 0.30/turn                h - +6 ring of strength
MPRegen 0.10/turn                o - ring of flight

@: flying
A: horns 2, retaliatory headbutt
a: no special abilities


You were on level 4 of the Dungeon.
You visited 1 branch of the dungeon, and saw 4 of its levels.

You collected 183 gold pieces.

Inventory:

Hand Weapons
 a - a +0 war axe (weapon)
 l - a +2 heavy hand axe
Missiles
 v - 4 poisoned darts (quivered)
Armour
 c - a +0 buckler (worn)
 f - a +0 chain mail (worn)
 i - a +0 pair of gloves (worn)
 t - a +0 cloak (worn)
Jewellery
 h - a +6 ring of strength (left hand)
 o - a ring of flight (right hand)
Wands
 g - a wand of acid (3)
Scrolls
 b - a scroll of vulnerability {unknown}
 m - a scroll of amnesia
 r - a scroll of blinking
 u - 2 scrolls of teleportation
Potions
 d - a potion of might
 e - a potion of haste
 j - a potion of lignification {unknown}
 k - 2 potions of heal wounds
 n - 4 potions of curing
 p - a potion of resistance {unknown}
 q - a potion of magic {unknown}
 s - a potion of brilliance {unknown}
 w - a potion of flight {unknown}


   Skills:
 + Level 5.4 Fighting
 * Level 6.2 Axes
 + Level 1.2 Throwing
 + Level 5.3 Armour
 + Level 5.4 Shields


You had 6 spell levels left.
You didn't know any spells.
Your spell library contained the following spells:

 Spells                   Type           Power      Damage    Failure   Level
 Ozocubu's Armour         Ice            0%         N/A       100%        3
 Volatile Blastmotes      Fire/Tloc      0%         2d10      100%        3
 Fulminant Prism          Conj/Hex       0%         3d5       100%        4
 Iskenderun's Mystic Bla  Conj/Tloc      0%         2d3       100%        4
 Lee's Rapid Deconstruct  Erth           0%         3d4*      100%        5
 Ozocubu's Refrigeration  Ice            0%         4d7       100%        7


Dungeon Overview and Level Annotations

Branches:
Dungeon (4/15)
 Temple: D:4-7

Altars:

Annotations:
D:4 Pikel


Innate Abilities, Weirdness & Mutations

You have a pair of horns on your head.
You reflexively headbutt those who attack you in melee.


Message History

The lemure hits you.
Pikel hits you with a +0 whip of flaming!
Pikel burns you.
An endoplasm comes into view.
The lemure hits you but does no damage. x2; The lemure closely misses you.
You furiously retaliate!
You headbutt the lemure. Pikel hits you but does no damage.
You barely miss the lemure.
The lemure is heavily wounded.
You barely miss the lemure. You closely miss the lemure.
The endoplasm quivers.
You slash the lemure!
You kill the lemure!
That felt strangely unrewarding.
You hit Pikel. The lemure barely misses you. The lemure closely misses you.
The lemure hits you but does no damage.
Pikel hits you with a +0 whip of flaming.
Pikel burns you.
You barely miss the lemure.
The lemure is heavily wounded.
You hit Pikel. You hit the lemure but do no damage. You hit the lemure.
The lemure hits you. You block the lemure's attack.
The lemure barely misses you. You furiously retaliate!
You headbutt the lemure! Pikel hits you but does no damage.
Unknown command.
You barely miss the lemure.
The lemure is heavily wounded.
You hit the lemure. You hit Pikel but do no damage. You hit the lemure.
The lemure hits you! The lemure closely misses you.
You block the lemure's attack.
Pikel hits you with a +0 whip of flaming!
* * * LOW HITPOINT WARNING * * *
Pikel burns you.
* * * LOW HITPOINT WARNING * * *
You barely miss Pikel.
Pikel is moderately wounded.
You hit the lemure. You barely miss the lemure. You closely miss the lemure.
The lemure barely misses you. The lemure hits you.
* * * LOW HITPOINT WARNING * * *
The lemure hits you.
You die...

#.#...#
#########.##..#
#.............#
###.#######.#...##
#.#.######.......#
#.......##.......#
#.......!........#
###..K#5#++#.#.....#
#....5@.# #.......#
#.#..5### ###.....#
# ###. +.....# #J
+.....# #. #.....#
#. ......# ..
.#..#.## #.


You could see Pikel, 3 lemures and an endoplasm.

Vanquished Creatures
  An ogre (D:4)
  A lemure (D:4)
  2 scorpions (D:4)
  Crazy Yiuf (D:2)
  2 orc priests (D:4)
  An iguana (D:4)
  Robin (D:2)
  4 gnolls
  13 adders
  An ufetubus (D:4)
  3 worms
  2 dart slugs
  6 orcs
  12 ball pythons
  7 endoplasms
  5 giant cockroaches
  16 goblins
  10 hobgoblins
  3 kobolds
  4 quokkas
  5 bats
  A frilled lizard (D:2)
  6 rats
  A bush (D:2)
108 creatures vanquished.

Vanquished Creatures (others)
  A fungus (D:2)
  9 plants (D:2)
  5 toadstools (D:1)
15 creatures vanquished.

Grand Total: 123 creatures vanquished

Notes
Turn   | Place    | Note
-------+----------+-------------------------------------------
     0 | D:1      | bmack86 the Minotaur Fighter began the quest for the Orb.
     0 | D:1      | Reached XP level 1. HP: 19/19 MP: 0/0
   139 | D:1      | Reached XP level 2. HP: 27/27 MP: 1/1
   159 | D:1      | Reached skill level 3 in Axes
   318 | D:1      | Reached XP level 3. HP: 33/33 MP: 2/2
   909 | D:2      | Noticed Robin
   912 | D:2      | Reached XP level 4. HP: 37/40 MP: 3/3
   924 | D:2      | Killed Robin
   925 | D:2      | Reached skill level 4 in Axes
  1079 | D:2      | Reached XP level 5. HP: 47/47 MP: 4/4
  1663 | D:2      | Found a runed translucent door.
  1664 | D:2      | Noticed Crazy Yiuf
  1670 | D:2      | Killed Crazy Yiuf
  1681 | D:2      | Identified the +0 hammer of Laceration {venom, Dex+2}
  1976 | D:3      | Reached skill level 5 in Axes
  2116 | D:3      | Found a faded altar of an unknown god.
  2537 | D:4      | Reached XP level 6. HP: 35/55 MP: 5/5
  2566 | D:4      | Reached skill level 5 in Fighting
  2566 | D:4      | Reached skill level 5 in Armour
  2566 | D:4      | Reached skill level 5 in Shields
  3026 | D:4      | Reached skill level 6 in Axes
  3026 | D:4      | Reached skill level 1 in Throwing
  3026 | D:4      | Reached XP level 7. HP: 35/61 MP: 6/6
  3459 | D:4      | Noticed Pikel
  3471 | D:4      | Slain by a lemure

Illustrated notes

Levels and vault maps discovered:
D:1:      ldierk_walled_garden, layout_basic
D:2:      layout_rooms, serial_forest, infiniplex_forest_join,
          infiniplex_forest_lined_1, infiniplex_forest_clump_small,
          infiniplex_forest_join, infiniplex_forest_clump_small,
          infiniplex_forest_clump_large, infiniplex_forest_end_2,
          infiniplex_forest_corner_1, infiniplex_forest_split,
          minmay_snake_closets, uniq_crazy_yiuf_cottage, uniq_robin
D:3:      layout_basic, dreamdust_ecumenical_altar_angels_and_demons
D:4:      layout_basic, st_stairs_12, minmay_mini_jars, uniq_pikel

Skill      XL: |  1  2  3  4  5  6 |
---------------+-------------------+-----
Axes           | 3 4 5 6 |  6.2
Armour         | 4 5 |  5.3
Fighting       | 4 5 |  5.4
Shields        | 4 5 |  5.4
Throwing       | 1 |  1.2

Action                     |  1- 3 |  4- 6 |  7- 9 || total
---------------------------+-------+-------+-------++-------
  Melee: War axe           |    50 |   194 |    14 ||   258
         Headbutt          |     2 |    40 |     2 ||    44
         Mace              |       |     2 |       ||     2
    Use: Scroll            |     3 |     5 |     1 ||     9
 Armour: Scale mail        |     6 |       |       ||     6
         Chain mail        |    41 |    92 |    12 ||   145
  Dodge: Dodged            |    32 |    64 |    16 ||   112
  Block: Buckler           |    17 |    38 |    13 ||    68

Table legend: (Time is in decaauts)
 A = Elapsed time spent in this place.
 B = Non-inter-level travel time spent in this place.
 C = Inter-level travel time spent in this place.
 D = Time resting spent in this place.
 E = Time spent auto-exploring this place.
 F = Levels seen in this place.
 G = Mean time per level.
                   A        B        C        D        E       F      G
               +--------+--------+--------+--------+--------+-----+--------+
         Total |   3550 |   3448 |    102 |    308 |   1983 |   4 |  887.5 |
       Dungeon |   3550 |   3448 |    102 |    308 |   1983 |   4 |  887.5 |
               +--------+--------+--------+--------+--------+-----+--------+

Top non-repeatable levels by time:
     D:2: 1064 daAuts
     D:3: 885 daAuts
     D:4: 868 daAuts
     D:1: 732 daAuts
